 Dungeon Sprint DCSS version 0.30.1-11-g7821555f0a (webtiles) character file.

Game seed: 1979383110156064600

193 Heoruswealwe the Spear-Bearer (level 5, 0/53 HPs)
             Began as a Minotaur Fighter on Nov 5, 2023.
             Succumbed to a water moccasin's poison
             ... in the Dungeon (Sprint IX: "|||||||||||||||||||||||||||||").
             The game lasted 00:00:59 (59 turns).

Heoruswealwe the Spear-Bearer (Minotaur Fighter)      Turns: 59, Time: 00:01:00

Health: 0/53       AC:  8    Str: 22    XL:     5   Next: 44%
Magic:  4/4        EV:  9    Int:  5    God:
Gold:   0          SH:  4    Dex: 10    Spells: 4/4 levels left

rFire   . . .        a - +0 trident
rCold   . . .        d - +0 buckler
rNeg    . . .        c - +0 scale mail
rPois   .            (helmet restricted)
rElec   .            (no cloak)
rCorr   .            (no gloves)
SInv    .            (no boots)
Will    .....        (no amulet) Stlth
                     (no ring)
HPRegen 0.28/turn    (no ring)
MPRegen 0.09/turn

%: no teleportation
@: lethally poisoned (0 -> -2)
A: horns 2, retaliatory headbutt
a: no special abilities


You were in the Dungeon.
You visited 1 branch

Inventory:

Hand Weapons
 a - a +0 trident (weapon)
Armour
 c - a +0 scale mail (worn)
 d - a +0 buckler (worn)
Scrolls
 j - a scroll of blinking
Potions
 b - a potion of might
 g - a potion of haste
 i - a potion of berserk rage


   Skills:
 + Level 7.7 Fighting
 * Level 9.9 Polearms
 + Level 7.6 Armour
 - Level 3.6 Shields


You had 4 spell levels left.
You didn't know any spells.
Your spell library was empty.

Dungeon Overview and Level Annotations

Branches:
Dungeon (1/1)

Altars:


Innate Abilities, Weirdness & Mutations

You have a pair of horns on your head.
You reflexively headbutt those who attack you in melee.


Message History

The water moccasin is almost dead.
* * * LOW HITPOINT WARNING * * *
You feel very sick. You block the water moccasin's attack.
You puncture the water moccasin!
You kill the water moccasin!
* * * LOW HITPOINT WARNING * * *
You feel sick.
Your Fighting skill gained 2 levels and is now at level 7!
Your Polearms skill gained 3 levels and is now at level 9!
Your Armour skill gained 2 levels and is now at level 7!
You have reached level 4!
You feel agile.
You have reached level 5!
You hit the sleepcap.
You headbutt the sleepcap, but do no damage.
The sleepcap is lightly damaged.
* * * LOW HITPOINT WARNING * * *
You feel sick. The sleepcap closely misses you.
You hit the sleepcap.
The sleepcap is moderately damaged.
* * * LOW HITPOINT WARNING * * *
You feel sick. The sleepcap closely misses you. You furiously retaliate!
You headbutt the sleepcap. You hit the sleepcap but do no damage.
The sleepcap is heavily damaged.
* * * LOW HITPOINT WARNING * * *
You feel sick.
The sleepcap releases spores at you but does no damage.
You puncture the sleepcap! You headbutt the sleepcap.
You destroy the sleepcap!
Reach: a) +0 trident
Press: ? - help, Dir - move target, f - ogre
Aim: an ogre, wielding a +0 giant club (about 23% to evade your +0 trident)
You reach to attack!
You completely miss the ogre.
* * * LOW HITPOINT WARNING * * *
You feel sick.
You puncture the ogre!
The ogre is moderately wounded.
You die...

▓+▓
▓.▓
▓.▓
▓.▓
▓.▓
▓O▓
▓@▓
▓.▓
▓.▓
▓.▓
▓.▓
▓†▓
▓†▓
▓.▓
▓!▓


You could see an ogre.

Vanquished Creatures
  A water moccasin (D)
  An orc priest (D)
  A hound (D)
  A sleepcap (D)
  A ball python (D)
  A bat (D)
  A hobgoblin (D)
  2 rats (D)
9 creatures vanquished.

Notes
Turn   | Place    | Note
-------+----------+-------------------------------------------
     0 | D        | Heoruswealwe the Minotaur Fighter began the quest for the
                  | Orb.
     0 | D        | Reached XP level 1. HP: 19/19 MP: 0/0
     9 | D        | Reached skill level 3 in Polearms
    20 | D        | Noticed an ogre
    20 | D        | Noticed a sleepcap
    20 | D        | Noticed a water moccasin
    20 | D        | Noticed a hound
    20 | D        | Noticed an orc priest
    28 | D        | Killed an orc priest
    29 | D        | Reached skill level 5 in Fighting
    29 | D        | Reached skill level 5 in Polearms
    29 | D        | Reached skill level 5 in Armour
    29 | D        | Reached XP level 2. HP: 23/29 MP: 1/1
    29 | D        | Reached XP level 3. HP: 29/36 MP: 2/2
    37 | D        | Reached skill level 6 in Polearms
    53 | D        | Killed a water moccasin
    54 | D        | Reached skill level 9 in Polearms
    54 | D        | Reached XP level 4. HP: 4/47 MP: 3/3
    54 | D        | Reached XP level 5. HP: 5/52 MP: 4/4
    55 | D        | HP: 2/52 [poisoned by a water moccasin]
    59 | D        | Succumbed to a water moccasin's poison

Illustrated notes

Levels and vault maps discovered:
D:        linesprint [early_d, line_temple, items_1, d_10, items_2, lair_1,
          lair_end, items_3, orc_1, orc_end, items_4, d_15, swamp_1, shoals_1,
          snake_1, spider_1, d_20, vaults_1, items_5, swamp_end, shoals_end,
          snake_end, spider_end, vaults_end, d_27, items_6, zot_1, zot_end,
          crypt_end, forest_end, elf_end, slime_end, tomb_end, abyss_end,
          pan_hell_end]

Skill      XL: |  1  2  3 |
---------------+----------+-----
Polearms       | 5 9 |  9.9
Fighting       | 5 7 |  7.7
Armour         | 5 7 |  7.6
Shields        | |  3.6

Action                     |  1- 3 |  4- 6 || total
---------------------------+-------+-------++-------
  Melee: Trident           |    39 |     6 ||    45
         Headbutt          |     3 |     2 ||     5
    Use: Potion            |     2 |       ||     2
 Armour: Scale mail        |    20 |     1 ||    21
  Dodge: Dodged            |    20 |     2 ||    22
  Block: Buckler           |     6 |       ||     6
